 Dungeon Crawl Stone Soup version 0.27-a0-1154-gfdeffcb720 (webtiles) character file.

Game seed: 12429518215871893291

2816 robertstho the Protected (level 9, -5/79 HPs)
             Began as a Minotaur Gladiator on May 14, 2021.
             Was a Priest of Qazlal.
             Slain by a gargoyle
             ... wielding a +3 mace
              (15 damage)
             ... on level 7 of the Dungeon.
             The game lasted 00:08:25 (8293 turns).

robertstho the Protected (Minotaur Gladiator)       Turns: 8293, Time: 00:08:26

Health: -5/79      AC: 14    Str: 21    XL:     9   Next: 44%
Magic:  10/10      EV: 12    Int:  5    God:    Qazlal [***...]
Gold:   443        SH:  4    Dex: 13    Spells: 8/8 levels left

rFire    . . .     SeeInvis .   a - +0 long sword
rCold    + + .     Faith    .   (no shield)
rNeg     . . .     Spirit   .   e - +0 ice dragon scales
rPois    .         Reflect  .   c - +0 hat
rElec    .         Harm     .   v - +0 cloak
rCorr    .         Rampage  .   (no gloves)
Will     .....                  (no boots)
Stlth    ..........             q - amulet of magic regeneration
HPRegen  0.23/turn              j - ring of protection from fire
MPRegen  0.37/turn              (no ring)

@: on berserk cooldown, hasted and slowed
A: horns 2, retaliatory headbutt
a: Renounce Religion, Upheaval, Elemental Force


You were on level 7 of the Dungeon.
You worshipped Qazlal.
Qazlal was most pleased with you.
You visited 2 branches of the dungeon, and saw 8 of its levels.

You collected 443 gold pieces.

Inventory:

Hand Weapons
 a - a +0 long sword (weapon)
Missiles
 d - 3 throwing nets (quivered)
 n - 5 atropa-tipped darts
Armour
 c - a +0 hat (worn)
 e - +0 ice dragon scales (worn)
 k - a +0 chain mail
 v - a +0 cloak (worn)
Jewellery
 j - a ring of protection from fire (left hand)
 q - an amulet of magic regeneration (around neck)
 y - a ring of protection from cold
 D - an amulet of reflection
Wands
 t - a wand of flame (25)
 B - a wand of digging (6)
 C - a wand of iceblast (12)
Scrolls
 f - a scroll of holy word
 h - 5 scrolls of fog {unknown}
 l - 2 scrolls of immolation {unknown}
 m - a scroll of enchant armour
 p - 5 scrolls of enchant weapon {unknown}
 s - a scroll of fear
 E - a scroll of teleportation
Potions
 g - 3 potions of brilliance {unknown}
 i - 2 potions of resistance {unknown}
 o - a potion of degeneration {unknown}
 u - 2 potions of might {unknown}
 z - a potion of flight


   Skills:
 * Level 7.2 Fighting
 + Level 8.7 Long Blades
 + Level 2.1 Throwing
 * Level 8.8 Armour
 + Level 5.5 Dodging
 + Level 2.2 Shields
 * Level 3.9 Invocations


You had 8 spell levels left.
You didn't know any spells.
Your spell library contained the following spells:

 Spells                   Type           Power      Damage    Failure   Level
 Animate Skeleton         Necr           0%         N/A       83%         1
 Corona                   Hex            0%         N/A       83%         1
 Pain                     Necr           0%         1d4       83%         1
 Summon Small Mammal      Summ           0%         N/A       83%         1
 Call Imp                 Summ           0%         N/A       92%         2
 Slow                     Hex            0%         N/A       92%         2
 Call Canine Familiar     Summ           0%         N/A       99%         3
 Confusing Touch          Hex            0%         N/A       99%         3
 Gell's Gravitas          Tloc           0%         N/A       99%         3
 Inner Flame              Hex/Fire       0%         N/A       99%         3
 Portal Projectile        Hex/Tloc       0%         N/A       99%         3
 Summon Guardian Golem    Hex/Summ       0%         N/A       99%         3
 Vampiric Draining        Necr           0%         2d6       99%         3
 Animate Dead             Necr           0%         N/A       100%        4
 Cause Fear               Hex            0%         N/A       100%        4
 Leda's Liquefaction      Hex/Erth       0%         N/A       100%        4
 Petrify                  Tmut/Erth      0%         N/A       100%        4
 Summon Ice Beast         Ice/Summ       0%         N/A       100%        4
 Summon Lightning Spire   Summ/Air       0%         N/A       100%        4
 Agony                    Necr           0%         N/A       100%        5
 Metabolic Englaciation   Hex/Ice        0%         N/A       100%        5
 Yara's Violent Unravell  Hex/Tmut       0%         3d3       100%        5


Dungeon Overview and Level Annotations

Branches:
Dungeon (7/15)             Temple (1/1) D:4

Altars:
Ashenzari
Cheibriados
Elyvilon
Fedhas
Gozag
Hepliaklqana
Kikubaaqudgha
Makhleb
Nemelex Xobeh
Okawaru
Qazlal
Ru
Sif Muna
Trog
Uskayaw
Vehumet
Xom
Zin
The Shining One

Shops:
D:4 (

Annotations:
D:3 Need digging for ring in vault


Innate Abilities, Weirdness & Mutations

You have a pair of horns on your head.
You reflexively headbutt those who attack you in melee.


Message History

The gargoyle is moderately damaged.
The gargoyle hits you with a +0 flail!
* * * LOW HITPOINT WARNING * * *
You barely miss the gargoyle.
The gargoyle is moderately damaged.
You hit the gargoyle but do no damage.
The gargoyle is moderately damaged.
The gargoyle hits you with a +0 flail.
* * * LOW HITPOINT WARNING * * *
You barely miss the gargoyle.
The gargoyle is moderately damaged.
You hit the gargoyle but do no damage. You headbutt the gargoyle.
The gargoyle is heavily damaged.
The gargoyle hurls a stone arrow at you.
The stone arrow hits you!!
* * * LOW HITPOINT WARNING * * *
You slash the gargoyle! Your headbutt misses the gargoyle.
The gargoyle is almost destroyed.
You block the gargoyle's attack.
You slash the gargoyle!
You destroy the gargoyle!
Qazlal accepts your kill.
Things that are here:
a +0 flail; a +0 club You slam the door shut with a bang!
You feel a strong urge to attack something.
You start resting.
You are no longer berserk.
You are exhausted.
You feel yourself slow down.
You start resting.
Something unseen opens the door.
A gargoyle comes into view. It is wielding a +3 mace.
A gargoyle is nearby!
A gargoyle is nearby!
Okay, then.
You feel better. The gargoyle hits you with a +3 mace.
* * * LOW HITPOINT WARNING * * *
You feel yourself speed up. The gargoyle hits you with a +3 mace!
You die...

.......# #.#####..#####.....#.
'#.##### #...............>....
...#
###################........
#######.........### #........
#...#######...# ##.......
##.### ## ###.########.......
#..# ##+.+## #....(...........
#.###+.....+###..#############
#.# #.......#@#..#
#.##+.......9##..#
#.##....8....##..# #.#
+.......+##..# #.# #.......#
#..# #.###+.....+###..# #..#
##...## #...#
##.###8...8###...#
#...##...##....##


You could see a gargoyle.

Vanquished Creatures
  A gargoyle (D:7)
  Menkaure (D:4)
  A black bear (D:5)
  An ice beast (D:5)
  2 necrophages (D:7)
  2 centaurs
  2 ogres (D:6)
  A phantom (D:6)
  Blork the orc (D:5)
  A bullfrog (D:7)
  5 scorpions
  A killer bee (D:6)
  A wight (D:6)
  A howler monkey (D:6)
  A bullfrog zombie (D:6)
  4 centaur zombies
  Crazy Yiuf (D:6)
  6 hounds
  An orc priest (D:5)
  A gnoll shaman (D:7)
  A jelly (D:6)
  A bullfrog skeleton (D:2)
  5 iguanas
  4 orc wizards
  A scorpion zombie (D:5)
  A mummy (D:5)
  A hound skeleton (D:4)
  A hound zombie (D:4)
  A howler monkey zombie (D:5)
  10 gnolls
  7 adders
  A shadow imp (D:7)
  2 white imps (D:6)
  2 ufetubi (D:7)
  2 worms (D:3)
  3 dart slugs (D:1)
  11 orcs
  10 ball pythons
  7 endoplasms
  A giant cockroach (D:1)
  18 goblins
  18 hobgoblins
  13 jackals
  22 kobolds
  2 quokkas
  A bat (D:3)
  4 frilled lizards
  A quokka skeleton (D:4)
  6 rats
192 creatures vanquished.

Vanquished Creatures (others)
  A butterfly (D:4)
  A plant (D:6)
2 creatures vanquished.

Grand Total: 194 creatures vanquished

Notes
Turn   | Place    | Note
-------+----------+-------------------------------------------
     0 | D:1      | robertstho the Minotaur Gladiator began the quest for the
                  | Orb.
     0 | D:1      | Reached XP level 1. HP: 18/18 MP: 0/0
   292 | D:1      | Reached XP level 2. HP: 21/25 MP: 1/1
   486 | D:1      | Found a faded altar of an unknown god.
   490 | D:1      | Reached skill level 1 in Armour
   766 | D:1      | Reached XP level 3. HP: 30/30 MP: 2/2
  1510 | D:2      | Reached XP level 4. HP: 38/38 MP: 3/3
  2302 | D:3      | Found a burning altar of Makhleb.
  2535 | D:4      | Found a staircase to the Ecumenical Temple.
  2542 | D:4      | Reached XP level 5. HP: 45/45 MP: 4/4
  2547 | Temple   | Entered the Ecumenical Temple
  2595 | Temple   | Became a worshipper of Qazlal Stormbringer
  2918 | D:3      | Found a large runed translucent door.
  2919 | D:3      | Found a large runed translucent door.
  2919 | D:3      | Found a shimmering altar of Xom.
  3205 | D:3      | Reached skill level 5 in Long Blades
  3775 | D:4      | Reached * piety under Qazlal
  3901 | D:4      | Reached XP level 6. HP: 47/52 MP: 5/5
  4014 | D:4      | Noticed Menkaure
  4023 | D:4      | Killed Menkaure
  4024 | D:4      | Reached skill level 1 in Invocations
  4345 | D:4      | Found Hamafos's Weapon Boutique.
  4610 | D:4      | Found a glowing golden altar of the Shining One.
  4621 | D:4      | Found a white marble altar of Elyvilon.
  4630 | D:4      | Reached XP level 7. HP: 60/60 MP: 7/7
  4836 | D:5      | Entered Level 5 of the Dungeon
  5207 | D:5      | Reached skill level 5 in Armour
  5331 | D:5      | Reached skill level 5 in Fighting
  5331 | D:5      | Reached skill level 5 in Dodging
  5402 | D:5      | Reached ** piety under Qazlal
  5488 | D:5      | Found a snail-covered altar of Cheibriados.
  5499 | D:5      | Reached skill level 1 in Shields
  5699 | D:5      | Found a shimmering altar of Xom.
  5699 | D:5      | Found a blossoming altar of Fedhas.
  5873 | D:5      | Noticed Blork the orc
  5882 | D:5      | Killed Blork the orc
  5883 | D:5      | Reached XP level 8. HP: 64/69 MP: 8/8
  6864 | D:6      | Reached *** piety under Qazlal
  7104 | D:6      | Reached XP level 9. HP: 78/78 MP: 10/10
  7219 | D:6      | Found a runed translucent door.
  7222 | D:6      | Noticed Crazy Yiuf
  7315 | D:6      | Killed Crazy Yiuf
  7903 | D:7      | Found a broken altar of Ashenzari.
  8272 | D:7      | Noticed a gargoyle
  8284 | D:7      | HP: 3/118 [gargoyle/stone arrow (18)]
  8286 | D:7      | Killed a gargoyle
  8291 | D:7      | Noticed a gargoyle
  8293 | D:7      | Slain by a gargoyle

Illustrated notes

Levels and vault maps discovered:
D:1:      moated_graveyard_arrival, layout_loops_ring,
          hellmonk_ecumenical_altar_heavens_door, minmay_distorted
D:2:      minmay_razor_zed, layout_loops_ring, minmay_stone_trees_small
D:3:      due_chaos_kobolds, layout_loops_cross, nicolae_overflow_hidden_temple,
          minmay_surrounded
D:4:      layout_loops_cross, elyvilon_altar_4, amcnicky_altar_gilded,
          minmay_temple_entry_butterflies, minmay_shop_grid_forest,
          minmay_pentangle, uniq_menkaure
D:5:      layout_basic, slow_altar_2, gammafunk_temple_overflow_elements,
          uniq_blork_the_orc
D:6:      corexii_shantytown, layout_cave_pools, minmay_divided_ellipse,
          uniq_crazy_yiuf_cottage
D:7:      cheibrodos_statue_roulette, layout_basic, ashenzari_altar_1,
          chequers_serial_rivers_micro_d, kennysheep_doodads,
          grunt_decor_clamped, minmay_circle_x
Temple:   minmay_temple_bridge_abc

Skill      XL: |  1  2  3  4  5  6  7  8  9 |
---------------+----------------------------+-----
Long Blades    | 4 5 6 7 8 |  8.7
Armour         | 1 2 3 4 5 7 8 |  8.8
Fighting       | 3 4 5 6 7 |  7.2
Dodging        | 4 5 |  5.5
Invocations    | 1 2 3 |  3.9
Shields        | 1 2 |  2.2
Throwing       | |  2.1

Action                   |  1- 3 |  4- 6 |  7- 9 || total
-------------------------+-------+-------+-------++-------
Melee: Long sword        |    49 |   135 |   266 ||   450
       Headbutt          |    10 |    23 |    67 ||   100
  Use: Scroll            |       |     3 |     7 ||    10
       Potion            |       |     3 |     4 ||     7
Armor: Leather armour    |     4 |    24 |       ||    28
       Skin              |       |    10 |       ||    10
       Chain mail        |       |       |    32 ||    32
       Ice dragon scales |       |       |   110 ||   110
Dodge: Dodged            |    34 |    88 |   130 ||   252
Block: Other             |       |     2 |    42 ||    44
       Rpst.: Long sword |    10 |    22 |    32 ||    64

Table legend: (Time is in decaauts)
 A = Elapsed time spent in this place.
 B = Non-inter-level travel time spent in this place.
 C = Inter-level travel time spent in this place.
 D = Time resting spent in this place.
 E = Time spent auto-exploring this place.
 F = Levels seen in this place.
 G = Mean time per level.
                   A        B        C        D        E       F      G
               +--------+--------+--------+--------+--------+-----+--------+
         Total |   8327 |   8107 |    220 |    218 |   6874 |   8 | 1040.9 |
       Dungeon |   8259 |   8058 |    201 |    218 |   6829 |   7 | 1179.9 |
        Temple |     67 |     48 |     19 |      0 |     45 |   1 |   67.0 |
               +--------+--------+--------+--------+--------+-----+--------+

Top non-repeatable levels by time:
     D:6: 1522 daAuts
     D:4: 1331 daAuts
     D:3: 1261 daAuts
     D:1: 1154 daAuts
     D:5: 1125 daAuts
     D:2: 1051 daAuts
     D:7: 813 daAuts
  Temple: 67 daAuts
